WCHLSIM.com - West Coast Hockey League
html PUBLIC "-//W3C//DTD XHTML 1.0 Transitional//EN" "http://www.w3.org/TR/xhtml1/DTD/xhtml1-transitional.dtd"> WCHL - Game 361 - EDMONTON ICE vs OKANAGAN RATTLESNAKES

EDMONTON ICE vs OKANAGAN RATTLESNAKES

Created - 3 décembre 2023 at 22:14

Goals
1 2 3 T
EDMONTON ICE 2 1 0 3
OKANAGAN RATTLESNAKES 1 0 1 2
Shots
1 2 3 T
EDMONTON ICE 16 17 9 42
OKANAGAN RATTLESNAKES 7 5 7 19

1st period

1. EDMONTON ICE , Scott Laughton 9 (Jarred Tinordi 5) at 6:40
2. OKANAGAN RATTLESNAKES , Anders Lee 10 (Nazem Kadri 18, Lars Eller 9) at 12:52
3. EDMONTON ICE , Jack Eichel 12 (Alex Tuch 16, Gustav Nyquist 9) at 15:21

Penalties :
Austin Osmanski (OKA) for Delaying the game (Minor) at 10:05, Jarred Tinordi (EDM) for Holding (Minor) at 17:28

2nd period

4. EDMONTON ICE , Scott Laughton 10 (Thomas Novak 2) at 17:26

Penalties :
Josh Manson (OKA) for Tripping (Minor) at 1:07

3rd period

5. OKANAGAN RATTLESNAKES , Blake Coleman 1 (Jeremy Lauzon 4) at 11:50

Penalties :
Josh Manson (OKA) for Hooking (Minor) at 15:22, Alex Tuch (EDM) for High sticking (Double Minor) at 17:59

Goalie Stats

Vitek Vanecek (EDM), 17 saves from 19 shots - (0,895), W, 13-5-4, 60:00 minutes
James Reimer (OKA), 39 saves from 42 shots - (0,929), L, 3-17-3, 59:36 minutes

Players Stats for EDMONTON ICE

Player Name              G  A  P  +/- PIM S  H  SB GA TA FO     MP     PP MP  PK MP  
------------------------------------------------------------------------------------
Alex Tuch                0  1  1   1  4   8  1  1  0  0  1/2    21:08   3:12   0:23 
Anthony Beauvillier      0  0  0   0  0   6  0  0  0  0  2/3    17:16   2:07   0:00 
Anthony Mantha           0  0  0   0  0   0  1  0  0  0  0/0    12:07   0:00   0:00 
Anton Lundell            0  0  0   0  0   0  0  0  0  0  0/0     3:59   0:00   0:57 
Austin Watson            0  0  0   0  0   0  0  0  0  0  0/0     1:10   0:00   1:10 
Dawson Mercer            0  0  0   0  0   4  1  1  0  0  7/16   14:52   2:45   0:00 
Evgeny Dadonov           0  0  0   0  0   0  0  0  0  0  1/3    17:21   0:00   0:00 
Gustav Nyquist           0  1  1   1  0   4  1  0  0  0  0/2    20:19   2:45   0:00 
Jack Eichel              1  0  1   1  0   8  0  0  0  0  17/28  21:29   3:12   0:43 
Jarred Tinordi           0  1  1   1  2   0  1  0  0  0  0/0    18:34   0:47   0:52 
Joshua Mahura            0  0  0   1  0   1  1  0  0  0  0/0    14:04   2:41   0:11 
Michael Matheson         0  0  0  -1  0   2  2  1  0  0  0/0    24:15   3:16   2:00 
Ryan Graves              0  0  0   1  0   0  0  0  0  0  0/0    23:35   1:57   1:45 
Scott Laughton           2  0  2   0  0   4  5  0  0  0  8/11   22:47   3:12   2:14 
Shea Theodore            0  0  0  -1  0   4  1  1  0  0  0/0    23:27   3:13   1:15 
Tanner Jeannot           0  0  0   0  0   0  0  0  0  0  0/0     5:33   0:00   2:31 
Thomas Novak             0  1  1   0  0   1  1  0  0  0  10/16  17:59   0:38   0:00 
Zach Whitecloud          0  0  0   1  0   0  0  1  0  0  0/0    16:04   0:00   1:55 

Players Stats for OKANAGAN RATTLESNAKES

Player Name              G  A  P  +/- PIM S  H  SB GA TA FO     MP     PP MP  PK MP  
------------------------------------------------------------------------------------
Adam Clendening          0  0  0  -2  0   0  0  0  0  0  0/0    19:54   0:50   3:09 
Anders Lee               1  0  1  -1  0   4  1  0  0  0  8/19   19:56   2:34   0:42 
Arber Xhekaj             0  0  0  -2  0   2  7  0  0  0  0/0    17:32   1:25   0:12 
Austin Osmanski          0  0  0   2  2   0  1  0  0  0  0/0    16:32   0:31   1:34 
Blake Coleman            1  0  1   1  0   2  2  0  0  0  2/12   11:35   0:00   0:28 
Casey Cizikas            0  0  0  -1  0   2  0  0  0  0  15/19  16:14   1:25   0:00 
Colton Parayko           0  0  0  -1  0   2  1  1  0  0  0/0    25:00   1:44   3:30 
Jeremy Lauzon            0  1  1   2  0   1  4  5  0  0  0/0    18:53   2:15   2:15 
Josh Manson              0  0  0  -1  4   0  3  2  0  0  0/0    22:06   1:13   1:14 
Jujhar Khaira            0  0  0   0  0   0  1  0  0  0  0/0     7:28   0:00   0:00 
Kevin Labanc             0  0  0   0  0   0  0  0  0  0  1/1     7:28   0:00   0:00 
Lars Eller               0  1  1  -1  0   1  0  0  0  0  1/7    18:05   1:25   0:00 
Mike Hoffman             0  0  0  -1  0   2  0  0  0  0  2/6    18:35   1:25   2:21 
Nazem Kadri              0  1  1  -1  0   1  3  0  0  0  0/1    22:03   2:34   2:49 
Oskar Sundqvist          0  0  0   1  0   0  2  1  0  0  1/4    14:15   0:00   3:08 
Pierre-Edouard Bellemare 0  0  0   1  0   0  0  1  0  0  0/1    11:07   0:00   0:00 
Stefan Noesen            0  0  0   0  0   0  0  0  0  0  4/10    7:28   0:00   0:00 
T.J. Oshie               0  0  0  -1  0   2  0  0  0  0  1/1    19:49   2:34   2:26 

3 Stars

1 - Scott Laughton (EDM)
2 - Jeremy Lauzon (OKA)
3 - Blake Coleman (OKA)

Power Play

EDMONTON ICE - 0 on 3 Attempt(s) - 0,00%
OKANAGAN RATTLESNAKES - 0 on 3 Attempt(s) - 0,00%

Penalty Kill

EDMONTON ICE - 3 on 3 Attempt(s) - 100,00% - Score 0 goal in Penalty Kill
OKANAGAN RATTLESNAKES - 3 on 3 Attempt(s) - 100,00% - Score 0 goal in Penalty Kill

Team Stat

EDMONTON ICE - Hits : 15 - Faceoff Wins : 46 - Blocked Shots : 5 - Penalty Minutes : 6
OKANAGAN RATTLESNAKES - Hits : 25 - Faceoff Wins : 35 - Blocked Shots : 10 - Penalty Minutes : 6

Official

Referees : Sean MacFarlane and Graham Skilliter
Linesman : Ryan Gibbons and James Tobias

Game Notes

No Game Note

Finance

Level 1 -- Attendance: 4742 (79,03%) -- Ticket Income 948 400 $
Level 2 -- Attendance: 4650 (93,00%) -- Ticket Income 581 250 $
Level 3 -- Attendance: 1936 (96,80%) -- Ticket Income 211 024 $
Level 4 -- Attendance: 4000 (100,00%) -- Ticket Income 276 000 $
Luxury Box -- Attendance: 961 (96,10%) -- Ticket Income 288 300 $
Total Attendance: 16289 (90,49%)
Total Ticket Income: 2 304 974 $
Other Expense: 23 050 $
Total Income: 2 281 924 $

EDMONTON ICE

5 vs 5 Forward 
   Center                   Left Wing                Right Wing               Time % Phy DF OF 
 1 Jack Eichel              Gustav Nyquist           Alex Tuch                36     0   2  3  
 2 Thomas Novak             Scott Laughton           Evgeny Dadonov           33     1   2  2  
 3 Dawson Mercer            Anthony Beauvillier      Anthony Mantha           25     1   3  1  
 4 Anton Lundell            Anthony Beauvillier      Tanner Jeannot           6      0   3  2  

5 vs 5 Defense 
   Defense                  Defense                                           Time % Phy DF OF 
 1 Shea Theodore            Michael Matheson                                  37     1   2  2  
 2 Jarred Tinordi           Ryan Graves                                       32     0   3  2  
 3 Zach Whitecloud          Joshua Mahura                                     23     0   4  1  
 4 Ryan Graves              Zach Whitecloud                                   8      0   3  2  

PowerPlay Forward 
   Center                   Left Wing                Right Wing               Time % Phy DF OF 
 1 Jack Eichel              Scott Laughton           Alex Tuch                60     1   2  2  
 2 Dawson Mercer            Anthony Beauvillier      Gustav Nyquist           40     1   2  2  

PowerPlay Defense
   Defense                  Defense                                           Time % Phy DF OF 
 1 Shea Theodore            Michael Matheson                                  60     0   2  3  
 2 Ryan Graves              Joshua Mahura                                     40     0   2  3  

Penalty Kill 4 Players Forward 
   Center                   Wing                     Time % Phy DF OF 
 1 Scott Laughton           Tanner Jeannot           60     0   5  0  
 2 Anton Lundell            Austin Watson            40     0   5  0  

Penalty Kill 4 Players Defense
   Defense                  Defense                  Time % Phy DF OF 
 1 Michael Matheson         Zach Whitecloud          60     0   5  0  
 2 Jarred Tinordi           Ryan Graves              40     0   5  0  

Penalty Kill - 3 Players Forward 
   Forward                                           Time % Phy DF OF 
 1 Anton Lundell                                     55     0   4  1  
 2 Thomas Novak                                      45     0   4  1  

Penalty Kill - 3 Players Defense
   Defense                  Defense                  Time % Phy DF OF 
 1 Zach Whitecloud          Ryan Graves              55     0   5  0  
 2 Michael Matheson         Jarred Tinordi           45     0   5  0  

4 vs 4 Forward 
   Center                   Wing                     Time % Phy DF OF 
 1 Dawson Mercer            Gustav Nyquist           55     1   2  2  
 2 Thomas Novak             Evgeny Dadonov           45     1   2  2  

4 vs 4 Defense
   Defense                  Defense                  Time % Phy DF OF 
 1 Shea Theodore            Michael Matheson         55     1   2  2  
 2 Zach Whitecloud          Ryan Graves              45     1   2  2  

Last Minutes Offensive
   Center                   Left Wing                Right Wing               Defense                  Defense                  
   Jack Eichel              Scott Laughton           Alex Tuch                Shea Theodore            Michael Matheson         

Last Minutes Defensive
   Center                   Left Wing                Right Wing               Defense                  Defense                  
   Scott Laughton           Gustav Nyquist           Alex Tuch                Shea Theodore            Michael Matheson         

Goaltenders
Starting : Vitek Vanecek            
Backup : Jonathan Quick           

Extra Forwards
Normal : Dawson Mercer, Anthony Beauvillier, Anton Lundell - PP : Thomas Novak, Dawson Mercer - PK : Alex Tuch
Extra Defensemen
Normal : Shea Theodore, Michael Matheson, Ryan Graves - PP : Joshua Mahura - PK : Ryan Graves, Shea Theodore
Penalty Shots
Alex Tuch, Jack Eichel, Thomas Novak, Dawson Mercer, Gustav Nyquist
Custom OT Lines Forwards
Alex Tuch, Jack Eichel, Scott Laughton, Gustav Nyquist, Dawson Mercer, Thomas Novak, Anthony Beauvillier, Anton Lundell, Evgeny Dadonov, Anthony Mantha
Custom OT Lines Defensemen
Shea Theodore, Michael Matheson, Ryan Graves, Zach Whitecloud, Joshua Mahura

Scratches
Justin Barron (Severed Left Wrist Tendons Injury), Jonas Brodin (Strained Right Elbow Injury)

OKANAGAN RATTLESNAKES

5 vs 5 Forward 
   Center                   Left Wing                Right Wing               Time % Phy DF OF 
 1 Anders Lee               Nazem Kadri              Lars Eller               36     1   2  2  
 2 Casey Cizikas            Mike Hoffman             T.J. Oshie               31     1   2  2  
 3 Blake Coleman            Oskar Sundqvist          Pierre-Edouard Bellemare 23     1   2  2  
 4 Stefan Noesen            Kevin Labanc             Jujhar Khaira            10     1   2  2  

5 vs 5 Defense 
   Defense                  Defense                                           Time % Phy DF OF 
 1 Colton Parayko           Josh Manson                                       36     1   2  2  
 2 Adam Clendening          Arber Xhekaj                                      31     1   2  2  
 3 Jeremy Lauzon            Austin Osmanski                                   23     1   2  2  
 4 Colton Parayko           Josh Manson                                       10     1   2  2  

PowerPlay Forward 
   Center                   Left Wing                Right Wing               Time % Phy DF OF 
 1 Anders Lee               Nazem Kadri              T.J. Oshie               55     1   2  2  
 2 Lars Eller               Mike Hoffman             Casey Cizikas            45     1   2  2  

PowerPlay Defense
   Defense                  Defense                                           Time % Phy DF OF 
 1 Adam Clendening          Jeremy Lauzon                                     55     1   2  2  
 2 Colton Parayko           Josh Manson                                       45     1   2  2  

Penalty Kill 4 Players Forward 
   Center                   Wing                     Time % Phy DF OF 
 1 Oskar Sundqvist          T.J. Oshie               55     1   2  2  
 2 Mike Hoffman             Nazem Kadri              45     1   2  2  

Penalty Kill 4 Players Defense
   Defense                  Defense                  Time % Phy DF OF 
 1 Colton Parayko           Josh Manson              55     1   2  2  
 2 Jeremy Lauzon            Adam Clendening          45     1   2  2  

Penalty Kill - 3 Players Forward 
   Forward                                           Time % Phy DF OF 
 1 Nazem Kadri                                       55     1   2  2  
 2 Mike Hoffman                                      45     1   2  2  

Penalty Kill - 3 Players Defense
   Defense                  Defense                  Time % Phy DF OF 
 1 Adam Clendening          Austin Osmanski          55     1   2  2  
 2 Josh Manson              Colton Parayko           45     1   2  2  

4 vs 4 Forward 
   Center                   Wing                     Time % Phy DF OF 
 1 Mike Hoffman             Nazem Kadri              55     1   2  2  
 2 T.J. Oshie               Blake Coleman            45     1   2  2  

4 vs 4 Defense
   Defense                  Defense                  Time % Phy DF OF 
 1 Josh Manson              Adam Clendening          55     1   2  2  
 2 Colton Parayko           Jeremy Lauzon            45     1   2  2  

Last Minutes Offensive
   Center                   Left Wing                Right Wing               Defense                  Defense                  
   Anders Lee               Nazem Kadri              T.J. Oshie               Colton Parayko           Josh Manson              

Last Minutes Defensive
   Center                   Left Wing                Right Wing               Defense                  Defense                  
   Anders Lee               Nazem Kadri              T.J. Oshie               Colton Parayko           Josh Manson              

Goaltenders
Starting : James Reimer             
Backup : Jack Campbell            

Extra Forwards
Normal : T.J. Oshie, Oskar Sundqvist, Kevin Labanc - PP : Nazem Kadri, Pierre-Edouard Bellemare - PK : T.J. Oshie
Extra Defensemen
Normal : Colton Parayko, Austin Osmanski, Adam Clendening - PP : Adam Clendening - PK : Colton Parayko, Adam Clendening
Penalty Shots
T.J. Oshie, Oskar Sundqvist, Kevin Labanc, Pierre-Edouard Bellemare, Jujhar Khaira
Custom OT Lines Forwards
Oskar Sundqvist, T.J. Oshie, Kevin Labanc, Pierre-Edouard Bellemare, Jujhar Khaira, Mike Hoffman, Stefan Noesen, Lars Eller, Nazem Kadri, Casey Cizikas
Custom OT Lines Defensemen
Austin Osmanski, Adam Clendening, Colton Parayko, Arber Xhekaj, Josh Manson

Scratches
Colin White (Healthy), Esa Lindell (Healthy)

% Time on Ice - EDMONTON ICE

Lines # - Real PCT - Wanted PCT - Time Play
Normal Forward
1 - 35% - 36% - 17:34
2 - 35% - 33% - 17:21
3 - 24% - 25% - 12:07
4 - 6% - 6% - 3:02
Normal Defense
1 - 38% - 37% - 18:59
2 - 34% - 32% - 16:56
3 - 22% - 23% - 11:12
4 - 6% - 8% - 2:57
PP Forward
1 - 54% - 60% - 3:12
2 - 46% - 40% - 2:45
PP Defense
1 - 55% - 60% - 3:16
2 - 45% - 40% - 2:41
PK Forward
1 - 76% - 60% - 3:02
2 - 24% - 40% - 0:57
PK Defense
1 - 48% - 60% - 1:55
2 - 52% - 40% - 2:04
PK3 Forward
1 - 0% - 55%
2 - 0% - 45%
PK3 Defense
1 - 0% - 55%
2 - 0% - 45%
44 Forward
1 - 0% - 55%
2 - 0% - 45%
44 Defense
1 - 0% - 55%
2 - 0% - 45%
Last Minute Offensive  - 0:00
Last Minute Defensive  - 0:00
Total
Forward - 60:00
Defense - 60:00

% Time on Ice - OKANAGAN RATTLESNAKES

Lines # - Real PCT - Wanted PCT - Time Play
Normal Forward
1 - 33% - 36% - 16:40
2 - 30% - 31% - 14:49
3 - 22% - 23% - 11:07
4 - 15% - 10% - 7:28
Normal Defense
1 - 34% - 36% - 17:16
2 - 32% - 31% - 15:55
3 - 29% - 23% - 14:23
4 - 5% - 10% - 2:30
PP Forward
1 - 64% - 55% - 2:34
2 - 36% - 45% - 1:25
PP Defense
1 - 56% - 55% - 2:15
2 - 44% - 45% - 1:44
PK Forward
1 - 53% - 55% - 3:08
2 - 47% - 45% - 2:49
PK Defense
1 - 54% - 55% - 3:14
2 - 46% - 45% - 2:43
PK3 Forward
1 - 0% - 55%
2 - 0% - 45%
PK3 Defense
1 - 0% - 55%
2 - 0% - 45%
44 Forward
1 - 0% - 55%
2 - 0% - 45%
44 Defense
1 - 0% - 55%
2 - 0% - 45%
Last Minute Offensive  - 0:00
Last Minute Defensive  - 0:00
Total
Forward - 60:00
Defense - 60:00

Play-by-Play

1st period


0:01 of 1st period - Jack Eichel wins face-off versus Anders Lee in neutral zone.
0:08 of 1st period - Shot by Alex Tuch.
0:08 of 1st period - Stopped by James Reimer without a rebound.
0:09 of 1st period - Casey Cizikas wins face-off versus Thomas Novak in OKANAGAN RATTLESNAKES zone.
0:25 of 1st period - Icing by Ryan Graves.
0:26 of 1st period - Thomas Novak wins face-off versus Blake Coleman in EDMONTON ICE zone.
1:22 of 1st period - Shot by Anthony Beauvillier.
1:22 of 1st period - Stopped by James Reimer without a rebound.
1:23 of 1st period - Jack Eichel wins face-off versus Anders Lee in OKANAGAN RATTLESNAKES zone.
1:24 of 1st period - Shot by Alex Tuch.
1:24 of 1st period - Stopped by James Reimer with a rebound.
1:26 of 1st period - Shot by Jack Eichel.
1:26 of 1st period - Stopped by James Reimer without a rebound.
1:27 of 1st period - Jack Eichel wins face-off versus Anders Lee in OKANAGAN RATTLESNAKES zone.
2:07 of 1st period - Gustav Nyquist is hit by Josh Manson and loses puck.
2:37 of 1st period - Anthony Beauvillier is hit by Arber Xhekaj and loses puck.
2:48 of 1st period - Shot by Michael Matheson.
2:48 of 1st period - Stopped by James Reimer without a rebound.
2:49 of 1st period - Thomas Novak wins face-off versus Stefan Noesen in OKANAGAN RATTLESNAKES zone.
2:52 of 1st period - Shot by Scott Laughton.
2:52 of 1st period - Shot Misses the Net.
3:38 of 1st period - Icing by Thomas Novak.
3:39 of 1st period - Thomas Novak wins face-off versus Mike Hoffman in EDMONTON ICE zone.
4:14 of 1st period - Shot by Mike Hoffman.
4:14 of 1st period - Shot Misses the Net.
4:16 of 1st period - Shot by Casey Cizikas.
4:16 of 1st period - Stopped by Vitek Vanecek without a rebound.
4:17 of 1st period - Anders Lee wins face-off versus Jack Eichel in EDMONTON ICE zone.
4:26 of 1st period - Shot by Nazem Kadri.
4:26 of 1st period - Shot Misses the Net.
4:41 of 1st period - Shot by Anders Lee.
4:41 of 1st period - Stopped by Vitek Vanecek without a rebound.
4:42 of 1st period - Anthony Beauvillier wins face-off versus Blake Coleman in EDMONTON ICE zone.
4:42 of 1st period - Anthony Beauvillier is hit by Oskar Sundqvist.
5:03 of 1st period - Icing by Dawson Mercer.
5:04 of 1st period - Casey Cizikas wins face-off versus Dawson Mercer in EDMONTON ICE zone.
6:03 of 1st period - Shot by Shea Theodore.
6:03 of 1st period - Shot Misses the Net.
6:08 of 1st period - Off-side.
6:09 of 1st period - Thomas Novak wins face-off versus Anders Lee in neutral zone.
6:09 of 1st period - Thomas Novak is hit by Nazem Kadri.
6:35 of 1st period - Lars Eller is hit by Scott Laughton and loses puck.
6:40 of 1st period - Shot by Scott Laughton.
6:40 of 1st period - Goal by Scott Laughton - EDMONTON ICE : 1 - OKANAGAN RATTLESNAKES : 0.
6:41 of 1st period - Jack Eichel wins face-off versus Blake Coleman in neutral zone.
6:50 of 1st period - Shot by Alex Tuch.
6:50 of 1st period - Stopped by James Reimer without a rebound.
6:51 of 1st period - Jack Eichel wins face-off versus Stefan Noesen in OKANAGAN RATTLESNAKES zone.
6:51 of 1st period - Gustav Nyquist is hit by Austin Osmanski and loses puck.
6:57 of 1st period - Jack Eichel is hit by Jeremy Lauzon and loses puck.
7:39 of 1st period - Jack Eichel is hit by Jeremy Lauzon and loses puck.
8:09 of 1st period - Shot by Anders Lee.
8:09 of 1st period - Stopped by Vitek Vanecek with a rebound.
8:35 of 1st period - Shot by Nazem Kadri.
8:35 of 1st period - Shot Misses the Net.
8:45 of 1st period - Anton Lundell is hit by Blake Coleman and loses puck.
8:54 of 1st period - Shot by Blake Coleman.
8:54 of 1st period - Shot Misses the Net.
9:38 of 1st period - Shot by Casey Cizikas.
9:38 of 1st period - Deflect By Mike Hoffman.
9:38 of 1st period - Shot Misses the Net.
9:40 of 1st period - Shot by Arber Xhekaj.
9:40 of 1st period - Stopped by Vitek Vanecek without a rebound.
9:41 of 1st period - Casey Cizikas wins face-off versus Jack Eichel in EDMONTON ICE zone.
10:03 of 1st period - Alex Tuch is hit by Jeremy Lauzon and loses puck.
10:05 of 1st period - Minor Penalty to Austin Osmanski for Delaying the game.
10:06 of 1st period - Scott Laughton wins face-off versus Oskar Sundqvist in OKANAGAN RATTLESNAKES zone.
10:28 of 1st period - Shea Theodore is hit by Jeremy Lauzon.
10:34 of 1st period - Shot by Jack Eichel.
10:34 of 1st period - Deflect By Scott Laughton.
10:34 of 1st period - Shot Blocked by Jeremy Lauzon.
10:36 of 1st period - Shot by Shea Theodore.
10:36 of 1st period - Stopped by James Reimer without a rebound.
10:37 of 1st period - Dawson Mercer wins face-off versus Oskar Sundqvist in OKANAGAN RATTLESNAKES zone.
11:56 of 1st period - Mike Hoffman is hit by Scott Laughton and loses puck.
12:30 of 1st period - Shot by Anthony Beauvillier.
12:30 of 1st period - Stopped by James Reimer without a rebound.
12:31 of 1st period - Thomas Novak wins face-off versus Lars Eller in OKANAGAN RATTLESNAKES zone.
12:52 of 1st period - Shot by Anders Lee.
12:52 of 1st period - Goal by Anders Lee - EDMONTON ICE : 1 - OKANAGAN RATTLESNAKES : 1.
12:53 of 1st period - Kevin Labanc wins face-off versus Anthony Beauvillier in neutral zone.
13:00 of 1st period - Shot by Kevin Labanc.
13:00 of 1st period - Shot Misses the Net.
13:02 of 1st period - Shot by Kevin Labanc.
13:02 of 1st period - Shot Misses the Net.
13:04 of 1st period - Shot by Arber Xhekaj.
13:04 of 1st period - Stopped by Vitek Vanecek without a rebound.
13:05 of 1st period - Jack Eichel wins face-off versus Anders Lee in EDMONTON ICE zone.
13:23 of 1st period - Shot by Alex Tuch.
13:23 of 1st period - Stopped by James Reimer with a rebound.
13:53 of 1st period - Scott Laughton is hit by Nazem Kadri and loses puck.
15:11 of 1st period - Shot by Dawson Mercer.
15:11 of 1st period - Stopped by James Reimer without a rebound.
15:12 of 1st period - Jack Eichel wins face-off versus Casey Cizikas in OKANAGAN RATTLESNAKES zone.
15:13 of 1st period - Shot by Gustav Nyquist.
15:13 of 1st period - Shot Misses the Net.
15:15 of 1st period - Shot by Gustav Nyquist.
15:15 of 1st period - Stopped by James Reimer with a rebound.
15:17 of 1st period - Shot by Alex Tuch.
15:17 of 1st period - Stopped by James Reimer with a rebound.
15:19 of 1st period - Shot by Alex Tuch.
15:19 of 1st period - Shot Misses the Net.
15:21 of 1st period - Shot by Jack Eichel.
15:21 of 1st period - Goal by Jack Eichel - EDMONTON ICE : 2 - OKANAGAN RATTLESNAKES : 1.
15:22 of 1st period - Alex Tuch wins face-off versus Pierre-Edouard Bellemare in neutral zone.
15:40 of 1st period - Shot by Jack Eichel.
15:40 of 1st period - Shot Misses the Net.
15:44 of 1st period - Shot by Alex Tuch.
15:44 of 1st period - Stopped by James Reimer with a rebound.
15:47 of 1st period - Alex Tuch is hit by Arber Xhekaj and loses puck.
16:26 of 1st period - Evgeny Dadonov is hit by Arber Xhekaj and loses puck.
16:43 of 1st period - Shot by Thomas Novak.
16:43 of 1st period - Stopped by James Reimer without a rebound.
16:44 of 1st period - Casey Cizikas wins face-off versus Dawson Mercer in OKANAGAN RATTLESNAKES zone.
17:01 of 1st period - Shot by Casey Cizikas.
17:01 of 1st period - Shot Blocked by Zach Whitecloud.
17:23 of 1st period - Shot by T.J. Oshie.
17:23 of 1st period - Stopped by Vitek Vanecek without a rebound.
17:24 of 1st period - Stefan Noesen wins face-off versus Jack Eichel in EDMONTON ICE zone.
17:28 of 1st period - Minor Penalty to Jarred Tinordi for Holding.
17:29 of 1st period - Anders Lee wins face-off versus Scott Laughton in EDMONTON ICE zone.
18:36 of 1st period - Shot by Lars Eller.
18:36 of 1st period - Shot Misses the Net.
19:19 of 1st period - Off-side.
19:20 of 1st period - Scott Laughton wins face-off versus Lars Eller in neutral zone.
19:26 of 1st period - Icing by Lars Eller.
19:27 of 1st period - Scott Laughton wins face-off versus Lars Eller in OKANAGAN RATTLESNAKES zone.
19:32 of 1st period - Shot by Jack Eichel.
19:32 of 1st period - Shot Misses the Net.
Goals for this period are 2 for EDMONTON ICE vs 1 for OKANAGAN RATTLESNAKES.
Shots for this period are 16 for EDMONTON ICE vs 7 for OKANAGAN RATTLESNAKES.

2nd period


0:01 of 2nd period - Scott Laughton wins face-off versus Casey Cizikas in neutral zone.
0:18 of 2nd period - Shot by Thomas Novak.
0:18 of 2nd period - Shot Misses the Net.
1:07 of 2nd period - Minor Penalty to Josh Manson for Tripping.
1:08 of 2nd period - Anthony Beauvillier wins face-off versus Oskar Sundqvist in OKANAGAN RATTLESNAKES zone.
1:13 of 2nd period - Shot by Michael Matheson.
1:13 of 2nd period - Shot Misses the Net.
1:15 of 2nd period - Shot by Gustav Nyquist.
1:15 of 2nd period - Stopped by James Reimer with a rebound.
1:17 of 2nd period - Shot by Dawson Mercer.
1:17 of 2nd period - Shot Misses the Net.
1:37 of 2nd period - Jeremy Lauzon is hit by Dawson Mercer.
1:49 of 2nd period - Shot by Shea Theodore.
1:49 of 2nd period - Stopped by James Reimer without a rebound.
1:50 of 2nd period - Jack Eichel wins face-off versus Mike Hoffman in OKANAGAN RATTLESNAKES zone.
2:01 of 2nd period - Shot by Jack Eichel.
2:01 of 2nd period - Shot Misses the Net.
2:18 of 2nd period - Shot by Jack Eichel.
2:18 of 2nd period - Stopped by James Reimer without a rebound.
2:19 of 2nd period - Dawson Mercer wins face-off versus Mike Hoffman in OKANAGAN RATTLESNAKES zone.
2:22 of 2nd period - Shot by Shea Theodore.
2:22 of 2nd period - Stopped by James Reimer without a rebound.
2:23 of 2nd period - Oskar Sundqvist wins face-off versus Dawson Mercer in OKANAGAN RATTLESNAKES zone.
2:40 of 2nd period - Shot by Michael Matheson.
2:40 of 2nd period - Stopped by James Reimer without a rebound.
2:41 of 2nd period - Mike Hoffman wins face-off versus Jack Eichel in OKANAGAN RATTLESNAKES zone.
3:03 of 2nd period - Shot by Scott Laughton.
3:03 of 2nd period - Stopped by James Reimer without a rebound.
3:04 of 2nd period - Dawson Mercer wins face-off versus Mike Hoffman in OKANAGAN RATTLESNAKES zone.
3:19 of 2nd period - Shot by Dawson Mercer.
3:19 of 2nd period - Shot Misses the Net.
3:49 of 2nd period - Shot by Dawson Mercer.
3:49 of 2nd period - Shot Misses the Net.
4:11 of 2nd period - Shot by Alex Tuch.
4:11 of 2nd period - Shot Misses the Net.
4:13 of 2nd period - Shot by Alex Tuch.
4:13 of 2nd period - Shot Misses the Net.
4:17 of 2nd period - Shot by Alex Tuch.
4:17 of 2nd period - Shot Blocked by Jeremy Lauzon.
4:19 of 2nd period - Shot by Alex Tuch.
4:19 of 2nd period - Shot Misses the Net.
4:21 of 2nd period - Shot by Jack Eichel.
4:21 of 2nd period - Stopped by James Reimer without a rebound.
4:22 of 2nd period - Casey Cizikas wins face-off versus Thomas Novak in OKANAGAN RATTLESNAKES zone.
5:18 of 2nd period - Icing by Zach Whitecloud.
5:19 of 2nd period - Thomas Novak wins face-off versus Blake Coleman in EDMONTON ICE zone.
5:19 of 2nd period - Thomas Novak is hit by Blake Coleman.
5:44 of 2nd period - Shot by Gustav Nyquist.
5:44 of 2nd period - Stopped by James Reimer without a rebound.
5:45 of 2nd period - Dawson Mercer wins face-off versus Stefan Noesen in OKANAGAN RATTLESNAKES zone.
6:14 of 2nd period - Anthony Mantha is hit by Arber Xhekaj and loses puck.
6:18 of 2nd period - Dawson Mercer is hit by Arber Xhekaj and loses puck.
6:25 of 2nd period - Shot by Dawson Mercer.
6:25 of 2nd period - Stopped by James Reimer with a rebound.
6:49 of 2nd period - Shot by Jack Eichel.
6:49 of 2nd period - Stopped by James Reimer without a rebound.
6:50 of 2nd period - Scott Laughton wins face-off versus Anders Lee in OKANAGAN RATTLESNAKES zone.
7:13 of 2nd period - Shea Theodore is hit by Nazem Kadri and loses puck.
7:28 of 2nd period - Shot by Anders Lee.
7:28 of 2nd period - Shot Misses the Net.
7:30 of 2nd period - Shot by Nazem Kadri.
7:30 of 2nd period - Shot Misses the Net.
7:35 of 2nd period - Nazem Kadri is hit by Shea Theodore and loses puck.
7:43 of 2nd period - Icing by Shea Theodore.
7:44 of 2nd period - Casey Cizikas wins face-off versus Evgeny Dadonov in EDMONTON ICE zone.
8:24 of 2nd period - Off-side.
8:25 of 2nd period - Jack Eichel wins face-off versus Blake Coleman in neutral zone.
8:30 of 2nd period - Shot by Gustav Nyquist.
8:30 of 2nd period - Shot Blocked by Josh Manson.
8:32 of 2nd period - Shot by Gustav Nyquist.
8:32 of 2nd period - Shot Misses the Net.
8:50 of 2nd period - Shot by Gustav Nyquist.
8:50 of 2nd period - Shot Hit the Post.
9:42 of 2nd period - Nazem Kadri is hit by Anthony Mantha and loses puck.
10:29 of 2nd period - Icing by Lars Eller.
10:30 of 2nd period - Jack Eichel wins face-off versus Anders Lee in OKANAGAN RATTLESNAKES zone.
10:37 of 2nd period - Shot by Jack Eichel.
10:37 of 2nd period - Stopped by James Reimer with a rebound.
10:44 of 2nd period - Off-side.
10:45 of 2nd period - Casey Cizikas wins face-off versus Thomas Novak in neutral zone.
10:59 of 2nd period - Shot by Casey Cizikas.
10:59 of 2nd period - Deflect By T.J. Oshie.
10:59 of 2nd period - Stopped by Vitek Vanecek without a rebound.
11:00 of 2nd period - Jack Eichel wins face-off versus Stefan Noesen in EDMONTON ICE zone.
11:15 of 2nd period - Icing by Kevin Labanc.
11:16 of 2nd period - Thomas Novak wins face-off versus Stefan Noesen in OKANAGAN RATTLESNAKES zone.
12:09 of 2nd period - Icing by Jeremy Lauzon.
12:10 of 2nd period - Stefan Noesen wins face-off versus Gustav Nyquist in OKANAGAN RATTLESNAKES zone.
13:26 of 2nd period - Anthony Beauvillier is hit by Arber Xhekaj and loses puck.
13:32 of 2nd period - Icing by Arber Xhekaj.
13:33 of 2nd period - Anders Lee wins face-off versus Thomas Novak in OKANAGAN RATTLESNAKES zone.
14:45 of 2nd period - Shot by Alex Tuch.
14:45 of 2nd period - Stopped by James Reimer without a rebound.
14:46 of 2nd period - Jack Eichel wins face-off versus Casey Cizikas in OKANAGAN RATTLESNAKES zone.
14:49 of 2nd period - Shot by Jack Eichel.
14:49 of 2nd period - Stopped by James Reimer without a rebound.
14:50 of 2nd period - Casey Cizikas wins face-off versus Jack Eichel in OKANAGAN RATTLESNAKES zone.
15:57 of 2nd period - Shot by Nazem Kadri.
15:57 of 2nd period - Shot Misses the Net.
15:59 of 2nd period - Shot by Jeremy Lauzon.
15:59 of 2nd period - Stopped by Vitek Vanecek without a rebound.
16:00 of 2nd period - Anders Lee wins face-off versus Scott Laughton in EDMONTON ICE zone.
16:15 of 2nd period - Shot by Anders Lee.
16:15 of 2nd period - Stopped by Vitek Vanecek without a rebound.
16:16 of 2nd period - Blake Coleman wins face-off versus Dawson Mercer in EDMONTON ICE zone.
16:49 of 2nd period - Shot by Anthony Mantha.
16:49 of 2nd period - Shot Blocked by Jeremy Lauzon.
16:51 of 2nd period - Shot by Dawson Mercer.
16:51 of 2nd period - Stopped by James Reimer without a rebound.
16:52 of 2nd period - Jack Eichel wins face-off versus Anders Lee in OKANAGAN RATTLESNAKES zone.
17:03 of 2nd period - Shot by Alex Tuch.
17:03 of 2nd period - Stopped by James Reimer without a rebound.
17:04 of 2nd period - Casey Cizikas wins face-off versus Thomas Novak in OKANAGAN RATTLESNAKES zone.
17:18 of 2nd period - Icing by Jarred Tinordi.
17:19 of 2nd period - Thomas Novak wins face-off versus Anders Lee in EDMONTON ICE zone.
17:24 of 2nd period - Shot by Scott Laughton.
17:24 of 2nd period - Deflect By Thomas Novak.
17:24 of 2nd period - Shot Misses the Net.
17:26 of 2nd period - Shot by Scott Laughton.
17:26 of 2nd period - Goal by Scott Laughton - EDMONTON ICE : 3 - OKANAGAN RATTLESNAKES : 1.
17:27 of 2nd period - Jack Eichel wins face-off versus Lars Eller in neutral zone.
17:52 of 2nd period - Icing by Michael Matheson.
17:53 of 2nd period - Casey Cizikas wins face-off versus Jack Eichel in EDMONTON ICE zone.
18:15 of 2nd period - Off-side.
18:16 of 2nd period - Dawson Mercer wins face-off versus Anders Lee in neutral zone.
18:51 of 2nd period - Shot by Nazem Kadri.
18:51 of 2nd period - Stopped by Vitek Vanecek without a rebound.
18:52 of 2nd period - Casey Cizikas wins face-off versus Jack Eichel in EDMONTON ICE zone.
18:53 of 2nd period - Shot by Mike Hoffman.
18:53 of 2nd period - Stopped by Vitek Vanecek with a rebound.
19:03 of 2nd period - Shot by Jack Eichel.
19:03 of 2nd period - Stopped by James Reimer without a rebound.
19:04 of 2nd period - Thomas Novak wins face-off versus Blake Coleman in OKANAGAN RATTLESNAKES zone.
19:11 of 2nd period - Shot by Scott Laughton.
19:11 of 2nd period - Shot Misses the Net.
19:59 of 2nd period - Shot by Anders Lee.
19:59 of 2nd period - Deflect By Nazem Kadri.
19:59 of 2nd period - Shot Misses the Net.
Goals for this period are 1 for EDMONTON ICE vs 0 for OKANAGAN RATTLESNAKES.
Shots for this period are 17 for EDMONTON ICE vs 5 for OKANAGAN RATTLESNAKES.

3rd period


0:01 of 3rd period - Casey Cizikas wins face-off versus Alex Tuch in neutral zone.
0:29 of 3rd period - Icing by Ryan Graves.
0:30 of 3rd period - Anders Lee wins face-off versus Jack Eichel in EDMONTON ICE zone.
0:35 of 3rd period - Shot by Nazem Kadri.
0:35 of 3rd period - Shot Misses the Net.
0:40 of 3rd period - Icing by Jack Eichel.
0:41 of 3rd period - Jack Eichel wins face-off versus Blake Coleman in EDMONTON ICE zone.
1:00 of 3rd period - Shot by Blake Coleman.
1:00 of 3rd period - Stopped by Vitek Vanecek without a rebound.
1:01 of 3rd period - Anders Lee wins face-off versus Dawson Mercer in EDMONTON ICE zone.
1:03 of 3rd period - Nazem Kadri is hit by Joshua Mahura and loses puck.
1:27 of 3rd period - Shot by Dawson Mercer.
1:27 of 3rd period - Shot Misses the Net.
1:29 of 3rd period - Shot by Zach Whitecloud.
1:29 of 3rd period - Shot Misses the Net.
1:31 of 3rd period - Shot by Joshua Mahura.
1:31 of 3rd period - Stopped by James Reimer without a rebound.
1:32 of 3rd period - Casey Cizikas wins face-off versus Thomas Novak in OKANAGAN RATTLESNAKES zone.
1:32 of 3rd period - Casey Cizikas is hit by Scott Laughton.
1:40 of 3rd period - Shot by Mike Hoffman.
1:40 of 3rd period - Shot Blocked by Michael Matheson.
2:02 of 3rd period - Mike Hoffman is hit by Thomas Novak.
4:04 of 3rd period - Shot by Dawson Mercer.
4:04 of 3rd period - Stopped by James Reimer without a rebound.
4:05 of 3rd period - Stefan Noesen wins face-off versus Evgeny Dadonov in OKANAGAN RATTLESNAKES zone.
4:05 of 3rd period - Stefan Noesen is hit by Scott Laughton.
4:29 of 3rd period - Scott Laughton is hit by Jujhar Khaira and loses puck.
4:50 of 3rd period - Shot by Scott Laughton.
4:50 of 3rd period - Stopped by James Reimer without a rebound.
4:51 of 3rd period - Anders Lee wins face-off versus Dawson Mercer in OKANAGAN RATTLESNAKES zone.
5:07 of 3rd period - Shot by Nazem Kadri.
5:07 of 3rd period - Shot Misses the Net.
5:09 of 3rd period - Shot by Lars Eller.
5:09 of 3rd period - Shot Misses the Net.
5:11 of 3rd period - Shot by Anders Lee.
5:11 of 3rd period - Shot Blocked by Dawson Mercer.
5:28 of 3rd period - Shot by Nazem Kadri.
5:28 of 3rd period - Shot Misses the Net.
6:26 of 3rd period - Gustav Nyquist is hit by Anders Lee and loses puck.
7:11 of 3rd period - Scott Laughton is hit by Arber Xhekaj and loses puck.
7:33 of 3rd period - Mike Hoffman is hit by Jarred Tinordi and loses puck.
8:08 of 3rd period - Shot by Michael Matheson.
8:08 of 3rd period - Deflect By Anthony Beauvillier.
8:08 of 3rd period - Stopped by James Reimer without a rebound.
8:09 of 3rd period - Jack Eichel wins face-off versus Blake Coleman in OKANAGAN RATTLESNAKES zone.
8:12 of 3rd period - Shot by Alex Tuch.
8:12 of 3rd period - Shot Blocked by Pierre-Edouard Bellemare.
8:25 of 3rd period - Shot by Jack Eichel.
8:25 of 3rd period - Shot Blocked by Jeremy Lauzon.
8:42 of 3rd period - Icing by Pierre-Edouard Bellemare.
8:43 of 3rd period - Blake Coleman wins face-off versus Dawson Mercer in OKANAGAN RATTLESNAKES zone.
8:58 of 3rd period - Shot by Anthony Beauvillier.
8:58 of 3rd period - Stopped by James Reimer without a rebound.
8:59 of 3rd period - Thomas Novak wins face-off versus Stefan Noesen in OKANAGAN RATTLESNAKES zone.
9:09 of 3rd period - Stefan Noesen is hit by Scott Laughton and loses puck.
9:47 of 3rd period - Icing by Arber Xhekaj.
9:48 of 3rd period - Stefan Noesen wins face-off versus Jack Eichel in OKANAGAN RATTLESNAKES zone.
9:48 of 3rd period - Stefan Noesen is hit by Alex Tuch.
10:17 of 3rd period - Mike Hoffman is hit by Michael Matheson and loses puck.
10:22 of 3rd period - Shot by T.J. Oshie.
10:22 of 3rd period - Shot Misses the Net.
10:34 of 3rd period - Shot by Casey Cizikas.
10:34 of 3rd period - Stopped by Vitek Vanecek without a rebound.
10:35 of 3rd period - Dawson Mercer wins face-off versus Anders Lee in EDMONTON ICE zone.
10:46 of 3rd period - Shot by Anthony Beauvillier.
10:46 of 3rd period - Shot Blocked by Josh Manson.
11:16 of 3rd period - Shot by Anthony Beauvillier.
11:16 of 3rd period - Shot Misses the Net.
11:44 of 3rd period - Shot by Scott Laughton.
11:44 of 3rd period - Shot Blocked by Oskar Sundqvist.
11:50 of 3rd period - Shot by Blake Coleman.
11:50 of 3rd period - Goal by Blake Coleman - EDMONTON ICE : 3 - OKANAGAN RATTLESNAKES : 2.
11:51 of 3rd period - T.J. Oshie wins face-off versus Jack Eichel in neutral zone.
11:53 of 3rd period - Off-side.
11:54 of 3rd period - Casey Cizikas wins face-off versus Gustav Nyquist in neutral zone.
11:59 of 3rd period - Shot by Mike Hoffman.
11:59 of 3rd period - Stopped by Vitek Vanecek without a rebound.
12:00 of 3rd period - Casey Cizikas wins face-off versus Jack Eichel in EDMONTON ICE zone.
12:00 of 3rd period - T.J. Oshie is hit by Michael Matheson and loses puck.
12:05 of 3rd period - Shot by T.J. Oshie.
12:05 of 3rd period - Shot Misses the Net.
12:09 of 3rd period - Shot by Mike Hoffman.
12:09 of 3rd period - Shot Misses the Net.
12:11 of 3rd period - Shot by Casey Cizikas.
12:11 of 3rd period - Shot Blocked by Alex Tuch.
12:13 of 3rd period - Shot by Casey Cizikas.
12:13 of 3rd period - Shot Blocked by Shea Theodore.
12:15 of 3rd period - Shot by Casey Cizikas.
12:15 of 3rd period - Shot Misses the Net.
12:38 of 3rd period - Off-side.
12:39 of 3rd period - Anders Lee wins face-off versus Dawson Mercer in neutral zone.
12:58 of 3rd period - Shot by Anthony Beauvillier.
12:58 of 3rd period - Stopped by James Reimer without a rebound.
12:59 of 3rd period - Evgeny Dadonov wins face-off versus Blake Coleman in OKANAGAN RATTLESNAKES zone.
13:51 of 3rd period - Gustav Nyquist is hit by Oskar Sundqvist and loses puck.
14:17 of 3rd period - Shot by Gustav Nyquist.
14:17 of 3rd period - Shot Blocked by Jeremy Lauzon.
14:19 of 3rd period - Shot by Jack Eichel.
14:19 of 3rd period - Shot Misses the Net.
14:21 of 3rd period - Shot by Gustav Nyquist.
14:21 of 3rd period - Stopped by James Reimer without a rebound.
14:22 of 3rd period - Dawson Mercer wins face-off versus Casey Cizikas in OKANAGAN RATTLESNAKES zone.
14:22 of 3rd period - Shea Theodore is hit by Josh Manson and loses puck.
14:44 of 3rd period - Anthony Beauvillier is hit by Josh Manson and loses puck.
15:01 of 3rd period - Shot by Anthony Beauvillier.
15:01 of 3rd period - Stopped by James Reimer with a rebound.
15:19 of 3rd period - Shot by Evgeny Dadonov.
15:19 of 3rd period - Shot Blocked by Colton Parayko.
15:22 of 3rd period - Minor Penalty to Josh Manson for Hooking.
15:23 of 3rd period - Jack Eichel wins face-off versus Blake Coleman in OKANAGAN RATTLESNAKES zone.
15:27 of 3rd period - Alex Tuch is hit by Colton Parayko and loses puck.
16:06 of 3rd period - Shot by Alex Tuch.
16:06 of 3rd period - Shot Misses the Net.
16:33 of 3rd period - Shot by Shea Theodore.
16:33 of 3rd period - Stopped by James Reimer without a rebound.
16:34 of 3rd period - Mike Hoffman wins face-off versus Dawson Mercer in OKANAGAN RATTLESNAKES zone.
16:34 of 3rd period - Mike Hoffman is hit by Gustav Nyquist.
17:29 of 3rd period - Shot by Scott Laughton.
17:29 of 3rd period - Shot Misses the Net.
17:59 of 3rd period - Double Minor Penalty to Alex Tuch for High sticking.
18:00 of 3rd period - Scott Laughton wins face-off versus Nazem Kadri in EDMONTON ICE zone.
18:56 of 3rd period - Shot by Jack Eichel.
18:56 of 3rd period - Shot Misses the Net.
18:58 of 3rd period - Shot by Tanner Jeannot.
18:58 of 3rd period - Shot Misses the Net.
19:36 of 3rd period - OKANAGAN RATTLESNAKES, James Reimer is pulled from the net.
19:38 of 3rd period - Shot by Colton Parayko.
19:38 of 3rd period - Stopped by Vitek Vanecek without a rebound.
19:39 of 3rd period - Lars Eller wins face-off versus Scott Laughton in EDMONTON ICE zone.
19:42 of 3rd period - Shot by Colton Parayko.
19:42 of 3rd period - Deflect By Lars Eller.
19:42 of 3rd period - Stopped by Vitek Vanecek without a rebound.
19:43 of 3rd period - Scott Laughton wins face-off versus Lars Eller in EDMONTON ICE zone.
19:56 of 3rd period - Shot by Mike Hoffman.
19:56 of 3rd period - Shot Misses the Net.
19:58 of 3rd period - Shot by Colton Parayko.
19:58 of 3rd period - Stopped by Vitek Vanecek without a rebound.
19:59 of 3rd period - Scott Laughton wins face-off versus Lars Eller in EDMONTON ICE zone.
Goals for this period are 0 for EDMONTON ICE vs 1 for OKANAGAN RATTLESNAKES.
Shots for this period are 9 for EDMONTON ICE vs 7 for OKANAGAN RATTLESNAKES.


BLAKE
WHEELER
STEVEN
STAMKOS
DREW
DOUGHTY

EAST COAST

HOCKEY LEAGUE

  • 63.RHI2PIT5
  • 64.WOR4ATL3
  • 65.QUECHW
  • 66.CHATRV